 Dungeon Crawl Stone Soup version 0.17.1-3-g152610e (webtiles) character file.

72 kaze the Skirmisher (level 4, 0/36 HPs)
             Began as a Hill Orc Fighter on Apr 13, 2016.
             Was a Follower of Trog.
             Slain by a gnoll
             ... wielding a +0 spear
              (2 damage)
             ... on level 3 of the Dungeon.
             The game lasted 00:03:15 (1390 turns).

kaze the Skirmisher (Hill Orc Fighter)              Turns: 1390, Time: 00:03:15

Health: 0/36       AC:  7    Str: 19    XL:     4   Next: 25%
Magic:  3/3        EV:  7    Int:  8    God:    Trog [*.....]
Gold:   109        SH:  9    Dex: 12    Spells: 0 memorised, 3 levels left

rFire  . . .     SeeInvis .     a - +1 war axe
rCold  . . .     Clarity  +     m - +0 scale mail
rNeg   . . .     SustAt   .     c - +0 shield
rPois  .         Gourm    .     (no helmet)
rElec  .         Spirit   .     (no cloak)
rCorr  .         Warding  .     (no gloves)
rMut   .         Stasis   .     (no boots)
MR     .....                    p - amulet of clarity
Stlth  ..........               (no ring)
                                (no ring)

@: not resistant to hostile enchantments, extremely unstealthy
A: agile 1, frail 1, low mp 1
a: Berserk, Burn Spellbooks, Renounce Religion


You were on level 3 of the Dungeon.
You worshipped Trog.
Trog was aware of your devotion.
You were not hungry.

You visited 1 branch of the dungeon, and saw 3 of its levels.

You collected 109 gold pieces.

Inventory:

Hand Weapons
 a - a +1 war axe (weapon)
 b - a +0 hunting sling
 h - a +0 mace
Missiles
 f - 8 curare-tipped needles
 k - 6 tomahawks (quivered)
 l - 24 sling bullets
 n - 17 poisoned needles
Armour
 c - a +0 shield (worn)
 m - a +0 scale mail (worn)
Jewellery
 p - an amulet of clarity (around neck)
Scrolls
 i - 2 scrolls of remove curse
 q - a scroll of identify {unknown}
Potions
 d - a potion of might
 o - a potion of invisibility {unknown}
Comestibles
 e - a bread ration
 g - a meat ration
 j - a beef jerky


   Skills:
 + Level 4.2 Fighting
 + Level 3.4 Axes
 + Level 0.1 Slings
 + Level 4.1 Armour
 + Level 0.4 Dodging
 + Level 0.3 Stealth
 + Level 3.7 Shields


You had 3 spell levels left.
You didn't know any spells.

Dungeon Overview and Level Annotations

Branches:
Dungeon (3/15)

Altars:
Dithmenos
Qazlal
Sif Muna
Trog


Innate Abilities, Weirdness & Mutations

You are agile. (Dex +2)
You are frail (-10% HP).
Your magical capacity is low (-10% MP).


Message History

You kill the jackal!
Trog accepts your kill. The gnoll hits you but does no damage.
The centaur barely misses you. You block the gnoll's attack.
You barely miss the gnoll.
The gnoll is severely wounded.
You closely miss the centaur. The centaur hits you. The centaur hits you.
* * * LOW HITPOINT WARNING * * *
The gnoll hits you with a spear.
* * * LOW HITPOINT WARNING * * *
Unknown command.
You are too injured to fight recklessly!
Unknown command.
You are too injured to fight recklessly!
b - a +0 hunting sling (weapon)
The centaur hits you.
* * * LOW HITPOINT WARNING * * *
a - a +1 war axe (weapon)
The gnoll hits you with a spear.
You die...

##### .. ...# <# #
######.##.#.####
#...##..........
##.....)<....#
####<##.#...#
#.#.## .....
######.##.#....##
.......†@g........
≈≈≈≈≈≈≈≈≈c≈≈≈≈....
≈≈≈≈≈≈≈≈≈≈≈≈≈≈.. .
##≈≈≈≈≈≈≈≈≈≈≈≈..
#..............
#############++


You could see a centaur and a gnoll.

Vanquished Creatures
  A gnoll (D:3)
  2 adders (D:2)
  A worm (D:2)
  A giant gecko (D:1)
  2 bats
  3 giant cockroaches (D:2)
  7 hobgoblins
  4 jackals (D:3)
  A kobold (D:2)
  4 quokkas (D:2)
  2 giant newts (D:1)
  6 goblins
  4 rats
38 creatures vanquished.

Notes
Turn   | Place    | Note
--------------------------------------------------------------
     0 | D:1      | kaze the Hill Orc Fighter began the quest for the Orb.
     0 | D:1      | Reached XP level 1. HP: 19/19 MP: 1/1
    93 | D:1      | Reached XP level 2. HP: 16/27 MP: 2/2
   498 | D:2      | Found a shadowy altar of Dithmenos.
   506 | D:2      | Reached skill level 4 in Fighting
   507 | D:2      | Found a bloodstained altar of Trog.
   510 | D:2      | Found a stormy altar of Qazlal.
   516 | D:2      | Became a worshipper of Trog the Wrathful
   519 | D:2      | Found a deep blue altar of Sif Muna.
   553 | D:2      | Reached XP level 3. HP: 23/33 MP: 3/3
   854 | D:2      | Gained mutation: You are frail (-10% HP). [potion of mutation]
   854 | D:2      | Gained mutation: You are agile. (Dex +2) [potion of mutation]
   854 | D:2      | Gained mutation: Your magical capacity is low (-10% MP). [potion of mutation]
  1295 | D:2      | Reached * piety under Trog
  1371 | D:3      | Noticed a centaur
  1371 | D:3      | Reached XP level 4. HP: 36/36 MP: 3/3
  1389 | D:3      | HP: 1/36 [centaur (2)]
  1390 | D:3      | Slain by a gnoll

Action                   |  1- 3 |  4- 6 || total
-------------------------+-------+-------++-------
Melee: War axe           |    93 |    16 ||   109
 Fire: Hunting sling     |    19 |       ||    19
  Use: Scroll            |     8 |       ||     8
       Potion            |     2 |       ||     2
  Eat: Bread ration      |     1 |       ||     1
